[ AOE2 MATCH · #505458936 ]
UnrankedSaracens vs Britons
Player's team · LOSS
Rival team · WIN
[ REPLAY ANALYSIS · EXTRACTED FROM THE RECORDED GAME ]
Feudal
—
Castle
—
Imperial
—
| APM avg | 51.8 |
| APM peak | 95 |
| eAPM avg | 21.0 |
| Villagers / military | 15 / 0 |
Focus
⚔️ 42.1% · 🌾 57.9%
Feudal
—
Castle
—
Imperial
—
| APM avg | 48.2 |
| APM peak | 63 |
| eAPM avg | 21.3 |
| Villagers / military | 22 / 0 |
Focus
⚔️ 14.3% · 🌾 85.7%
Match map
Initial resources + every placement click. Lines = walls · curves = elevation contours. ◆ gold · ⬟ stone · ● berries · ✦ relic · ◌ wall gap
Your base
Lil Tic's base
Smoothed initial terrain · ◌ = detected wall gap · hover for details
Inputs per minute
— HSL | bonch - - Lil Tic
Build order — HSL | bonch
20 actions detected in the replay
| 0:00 | Queue | Villager (Male) |
| 0:02 | Build | House |
| 0:03 | Build | House |
| 0:12 | Queue | Villager (Male) |
| 0:26 | Build | Palisade Wall |
| 0:28 | Queue | Villager (Male) |
| 0:32 | Queue | Villager (Male) |
| 0:53 | Research | Loom |
| 1:29 | Queue | Villager (Male) |
| 1:29 | Queue | Villager (Male) |
| 2:21 | Queue | Villager (Male) |
| 3:19 | Queue | Villager (Male) |
| 3:19 | Queue | Villager (Male) |
| 4:25 | Queue | Villager (Male) |
| 4:26 | Queue | Villager (Male) |
| 5:08 | Queue | Villager (Male) |
| 6:03 | Queue | Villager (Male) |
| 6:07 | Build | Palisade Wall |
| 6:40 | Queue | Villager (Male) |
| 7:20 | Queue | Villager (Male) |
Build order — Lil Tic
34 actions detected in the replay
| 0:01 | Queue | Villager (Male) |
| 0:01 | Queue | Villager (Male) |
| 0:02 | Build | House |
| 0:03 | Build | House |
| 0:09 | Research | Loom |
| 0:09 | Queue | Villager (Male) |
| 0:09 | Queue | Villager (Male) |
| 0:10 | Queue | Villager (Male) |
| 2:06 | Build | Palisade Wall |
| 2:08 | Build | Palisade Wall |
| 2:21 | Queue | Villager (Male) |
| 2:51 | Queue | Villager (Male) |
| 3:20 | Queue | Villager (Male) |
| 3:20 | Queue | Villager (Male) |
| 3:29 | Build | Palisade Wall |
| 3:38 | Queue | Villager (Male) |
| 3:51 | Build | Palisade Wall |
| 3:53 | Build | Palisade Wall |
| 3:59 | Queue | Villager (Male) |
| 3:59 | Queue | Villager (Male) |
| 4:31 | Queue | Villager (Male) |
| 5:04 | Queue | Villager (Male) |
| 5:17 | Build | House |
| 5:18 | Queue | Villager (Male) |
| 5:37 | Build | Palisade Wall |
| 5:44 | Queue | Villager (Male) |
| 6:23 | Queue | Villager (Male) |
| 6:23 | Queue | Villager (Male) |
| 6:24 | Queue | Villager (Male) |
| 7:16 | Queue | Villager (Male) |
| 7:22 | Build | Mill |
| 7:24 | Build | House |
| 7:29 | Queue | Villager (Male) |
| 7:47 | Queue | Villager (Male) |
Match timeline
| 0:26 | HSL | bonch · wall_segment Palisade Wall x4 |
| 2:06 | Lil Tic · wall_segment Palisade Wall x1 |
| 2:08 | Lil Tic · wall_segment Palisade Wall x1 |
| 3:29 | Lil Tic · wall_segment Palisade Wall x1 |
| 3:51 | Lil Tic · wall_segment Palisade Wall x1 |
| 3:53 | Lil Tic · wall_segment Palisade Wall x1 |
| 5:37 | Lil Tic · wall_segment Palisade Wall x1 |
| 6:07 | HSL | bonch · wall_segment Palisade Wall x1 |
| 8:21 | HSL | bonch · resign |
[ AI ANALYSIS · 1 CREDIT ]
What really happened in this match?
Wolo.gg analyzes every decision: build order, eco, micro, common mistakes by bracket. Personalized analysis on WhatsApp or Discord in 30 seconds.
Civ guide
Saracens
Perfil
HSL | bonch